Map: Ley Lines

Players

LiquidClem (Clem) - Winner!

  • Race: Terran Terran
  • League: Grandmaster
  • Spawn Location: 1:00

SKillous

  • Race: Protoss Protoss
  • League: Grandmaster
  • Spawn Location: 7:00

VOD

Have the link to the VOD?

Description

Time

  • Played on: Jan. 22, 2025, 9:42 a.m.
  • Length: 11:29
Show
View Real Time Build Order
Export as new Build Order

LiquidClem Terran - Winner!

Build Orders: Cyclone Opening 

Get SALT Encoding   

  12  0:00  SCV  
  13  0:12  SCV  
  14  0:16  Supply Depot  
  14  0:24  SCV  
  15  0:38  SCV  
  15  0:39  Barracks  
  15  0:42  Refinery  
  16  0:50  SCV  
  16  0:52  Refinery  
  17  1:02  SCV  
  18  1:14  SCV  
  19  1:26  Reaper  
  19  1:27  Orbital Command  
  19  1:30  Supply Depot  
  20  1:39  Factory  
  20  1:52  SCV  
  21  1:59  Barracks Reactor  
  21  2:04  SCV  
  22  2:14  Command Center  
  22  2:16  SCV  
  23  2:23  Factory Tech Lab  
  23  2:28  Barracks  
  23  2:30  SCV  
  24  2:42  Cyclone  
  24  2:43  SCV  
  28  2:46  Supply Depot  
  28  2:48  Marine  
  28  2:49  Marine  
  30  2:55  SCV  
  31  3:02  Barracks  
  31  3:08  SCV  
  31  3:10  Marine x2  
  34  3:20  Barracks Tech Lab, SCV  
  34  3:23  Siege Tank  
  38  3:32  Marine x2, SCV  
  41  3:40  Stimpack  
  41  3:44  Orbital Command  
  41  3:47  SCV  
  41  3:48  Marine  
  43  3:50  Barracks Tech Lab  
  43  3:52  Marine  
  43  3:53  Marine  
  45  4:00  Siege Tank  
  48  4:04  Supply Depot  
  48  4:07  SCV  
  49  4:11  Marine x2  
  49  4:14  Combat Shield  
  51  4:18  Marine  
  51  4:19  Marine  
  53  4:25  Supply Depot  
  53  4:30  Marine x2  
  55  4:36  Siege Tank  
  57  4:40  SCV  
  57  4:41  SCV  
  57  4:42  Marauder  
  61  4:47  Supply Depot, Marauder  
  61  4:48  Marine x2  
  64  4:53  SCV x2  
  66  5:05  Marine, SCV x2  
  66  5:06  Marine, Marauder  
  70  5:09  Marauder  
  72  5:15  Supply Depot  
  72  5:17  SCV x2, Siege Tank  
  77  5:23  Engineering Bay  
  77  5:24  Marine  
  78  5:30  Marine  
  78  5:32  SCV  
  78  5:36  SCV  
  78  5:37  Marauder  
  78  5:41  Supply Depot  
  78  5:42  Marine  
  80  5:44  SCV  
  80  5:46  Marauder  
  80  5:48  Marine  
  80  5:49  SCV  
  85  5:50  Supply Depot  
  85  6:00  Marine  
  85  6:01  Marauder  
  85  6:02  Siege Tank  
  85  6:03  SCV x2  
  85  6:04  Refinery  
  90  6:06  Marine  
  88  6:13  Marauder  
  88  6:15  SCV  
  88  6:17  SCV  
  87  6:22  Marine, Supply Depot, Marauder  
  87  6:23  Bunker  
  86  6:29  Starport  
  86  6:32  Marine  
  85  6:34  Marauder  
  85  6:38  SCV x2  
  80  6:44  Supply Depot, Marauder  
  80  6:46  Refinery  
  82  6:47  Marine  
  82  6:50  Marine, SCV  
  82  6:53  Siege Tank  
  82  6:54  SCV  
  89  6:55  Marauder  
  91  7:05  Command Center  
  91  7:07  Starport Reactor  
  91  7:08  Marine  
  91  7:09  Marine  
  91  7:11  Marauder  
  95  7:16  Supply Depot  
  95  7:17  Marauder  
  95  7:20  Concussive Shells  
  97  7:23  Terran Infantry Weapons Level 1  
  97  7:26  Marine  
  97  7:27  Marine  
  99  7:30  SCV x2  
  99  7:34  Factory Reactor, Marauder  
  101  7:41  Marauder  
  103  7:46  Medivac  
  103  7:47  Barracks x2  
  103  7:49  Medivac  
  107  7:53  Marine x2, Supply Depot  
  107  7:55  SCV  
  107  7:56  SCV  
  111  8:02  Marine, Marauder  
  113  8:05  Supply Depot  
  113  8:11  SCV  
  115  8:12  SCV  
  115  8:19  Widow Mine x2  
  119  8:21  Marauder  
  119  8:22  Medivac x2  
  119  8:23  Marauder  
  119  8:24  Marine  
  119  8:25  SCV  
  127  8:27  Marine  
  127  8:29  SCV  
  129  8:35  Barracks Reactor, Barracks Tech Lab  
  129  8:42  Marine, Marauder  
  129  8:44  Widow Mine x2  
  129  8:45  Marine  
  129  8:46  Orbital Command  
  139  8:48  Marauder  
  124  8:56  Medivac x2  
  124  8:57  Marine  
  115  9:03  Marauder  
  115  9:04  Marine  
  115  9:05  Marine  
  115  9:07  Widow Mine  
  115  9:09  SCV  
  124  9:10  Marauder  
  124  9:11  Widow Mine  
  124  9:14  Marine  
  124  9:15  Ghost Academy  
  124  9:16  Marine, Marauder  
  129  9:21  SCV  
  129  9:23  Marine  
  129  9:24  SCV  
  125  9:25  Marauder  
  125  9:26  Medivac  
  125  9:29  Marine  
  130  9:31  SCV, Marauder  
  130  9:33  Marine  
  130  9:34  SCV  
  130  9:36  Marine  
  130  9:37  Marauder  
  130  9:38  Widow Mine x2  
  133  9:45  Medivac  
  133  9:46  Marine  
  133  9:47  SCV  
  133  9:48  Marine  
  133  9:49  SCV  
  134  9:52  Ghost  
  134  9:55  Marine x2  
  134  10:05  Marine  
  129  10:09  Marine  
  129  10:10  Widow Mine x2  
  129  10:12  Ghost  
  132  10:15  Marine x2  
  132  10:16  Refinery  
  132  10:18  Refinery  
  134  10:28  Command Center  
  134  10:30  Ghost, Marine x2  
  139  10:36  Armory, Engineering Bay  
  139  10:42  Widow Mine x2  
  143  10:45  Ghost  
  143  10:47  Marine  
  143  10:48  Marine  
  148  10:51  Marine  
  148  10:58  Marine  
  148  11:04  Widow Mine  
  146  11:06  Marine  
  146  11:08  Marauder  
Show
View Real Time Build Order
Export as new Build Order

SKillous Protoss 

Build Orders: 1 Gate Expand, Blink Stalkers 

Get SALT Encoding   

  12  0:00  Probe  
  13  0:12  Probe  
  14  0:18  Pylon  
  14  0:24  Probe  
  15  0:32  Probe  
  15  0:36  Gateway  
  15  0:40  Probe  
  16  0:45  Assimilator  
  17  0:51  Probe  
  18  1:03  Probe  
  19  1:15  Probe  
  20  1:22  Nexus  
  20  1:32  Cybernetics Core  
  20  1:34  Probe  
  20  1:39  Assimilator  
  21  1:46  Probe  
  22  1:49  Pylon  
  22  1:56  Stalker  
  22  1:58  Probe  
  23  2:09  Warp Gate  
  23  2:10  Probe  
  26  2:17  Adept  
  26  2:23  Twilight Council  
  26  2:24  Probe  
  29  2:30  Probe  
  29  2:36  Probe  
  30  2:38  Probe  
  31  2:44  Stalker, Blink  
  31  2:48  Probe x2  
  35  3:00  Probe  
  35  3:05  Probe  
  37  3:12  Probe, Gateway  
  38  3:23  Robotics Facility  
  38  3:24  Probe x2  
  40  3:30  Gateway  
  40  3:37  Pylon  
  40  3:38  Probe  
  40  3:39  Probe  
  42  3:44  Gateway  
  42  3:50  Probe  
  43  3:58  Probe  
  43  3:59  Stalker  
  43  4:02  Assimilator, Probe  
  47  4:05  Pylon  
  47  4:06  Stalker  
  49  4:10  Observer  
  49  4:13  Probe  
  51  4:18  Nexus  
  51  4:22  Pylon  
  51  4:30  Probe x2  
  51  4:31  Stalker  
  55  4:35  Stalker  
  55  4:37  Charge  
  57  4:40  Observer  
  57  4:42  Probe x2  
  57  4:44  Stalker  
  62  4:50  Probe x2  
  62  4:53  Pylon  
  64  5:05  Stalker x2  
  68  5:07  Stalker  
  72  5:16  Gateway  
  72  5:20  Gateway  
  70  5:28  Sentry, Gateway  
  72  5:35  Stalker  
  72  5:36  Stalker  
  76  5:45  Probe x3  
  76  5:48  Shield Battery  
  79  5:50  Gateway  
  79  5:52  Zealot, Gateway  
  81  6:01  Zealot  
  81  6:02  Zealot  
  73  6:11  Zealot  
  73  6:13  Zealot  
  73  6:14  Probe x2  
  73  6:18  Zealot  
  76  6:23  Pylon, Zealot  
  76  6:24  Zealot x2  
  76  6:25  Pylon  
  58  6:40  Zealot x3  
  58  6:41  Observer  
  62  6:48  Probe x2  
  62  6:49  Nexus  
  62  6:50  Stalker  
  62  6:51  Stalker  
  67  6:59  Templar Archives  
  67  7:01  Stalker  
  67  7:03  Probe  
  67  7:04  Stalker  
  67  7:05  Probe  
  67  7:06  Observer  
  73  7:15  Probe  
  74  7:17  Probe  
  74  7:20  Pylon  
  75  7:23  Psionic Storm  
  75  7:27  Probe  
  75  7:29  Probe  
  77  7:30  Warp Prism  
  77  7:39  Probe  
  77  7:41  High Templar, Probe  
  77  7:42  High Templar  
  85  7:49  Forge  
  86  7:51  Probe  
  86  7:52  Pylon  
  86  7:53  Probe  
  87  8:02  Pylon, High Templar, Stalker  
  87  8:03  Zealot  
  87  8:05  Assimilator  
  94  8:09  Pylon  
  94  8:11  Zealot x2  
  97  8:15  Zealot  
  97  8:16  Zealot, Shield Battery  
  101  8:26  Zealot x3  
  107  8:33  Zealot x2  
  111  8:39  Zealot x3  
  117  8:46  Zealot x3  
  99  9:02  Archon  
  89  9:03  Zealot x5  
  89  9:09  High Templar x3  
  105  9:11  Probe x3  
  105  9:16  Archon  
  106  9:19  Nexus  
  94  9:26  Zealot x5  
  101  9:32  Immortal  
  95  9:41  Zealot x3  
  95  9:45  Pylon  
  103  9:55  Stalker x3  
  103  9:57  Zealot  
  106  10:02  Zealot  
  106  10:05  Zealot  
  86  10:16  High Templar x2  
  86  10:20  Stalker x2  
  93  10:33  Stalker x2  
  97  10:39  Zealot x2  
  101  10:46  Zealot x2  
  97  11:00  Zealot x5  
  97  11:04  Archon  
  97  11:09  Zealot x2  
  97  11:10  Zealot x6  
Tags
 
Add a new tag
Caveats
  • Supply blocks, unpowered buildings, or Contaminate may cause inaccurate times.
  • Supply counts are checked every 10 seconds.